 Dungeon Crawl Stone Soup version 0.21-a0-221-gfe971b9 (webtiles) character file.

3476 tidbits the Fighter (level 9, -7/86 HPs)
             Began as a Purple Draconian Wanderer on Aug 27, 2017.
             Was a Priest of Wu Jian.
             Mangled by an orc warrior
             ... wielding a +0 war axe
              (22 damage)
             ... in a bailey.
             The game lasted 00:44:41 (4676 turns).

tidbits the Fighter (Purple Draconian Wanderer)     Turns: 4676, Time: 00:44:41

Health: -7/86      AC: 12    Str: 12    XL:     9   Next: 79%
Magic:  3/18       EV: 14    Int: 18    God:    Wu Jian [***...]
Gold:   497        SH:  0    Dex: 11    Spells: 15/20 levels left

rFire    . . .     SeeInvis .   a - +2 short sword (venom)
rCold    + . .     Gourm    .   (no shield)
rNeg     . . .     Faith    .   (armour unavailable)
rPois    .         Spirit   .   (helmet restricted)
rElec    .         Reflect  .   C - +0 cloak
rCorr    .         Harm     .   G - +2 pair of gloves
MR       +....                  F - +0 pair of boots
Stlth    ++........             (no amulet)
HPRegen  0.24/turn              U - ring of protection from cold
MPRegen  0.16/turn              (no ring)

@: very slightly contaminated
A: breathe power, unfitting armour, cold-blooded, AC +7
a: Breathe Dispelling Energy, Renounce Religion


You were in a bailey.
You worshipped Wu Jian.
Wu Jian was most pleased with you.
You were very hungry.

You visited 1 branch of the dungeon, and saw 9 of its levels.
You also visited: Bailey.

You collected 497 gold pieces.

Inventory:

Hand Weapons
 a - a +2 short sword of venom (weapon)
   (You took it off a goblin on level 1 of the Dungeon)
 b - a +0 shortbow of velocity
   (You took it off a centaur on level 7 of the Dungeon)
 k - a +0 short sword
 m - a +3 dagger
 y - a +0 great sword
 E - a +0 lajatang
 J - a +2 dagger
 Q - a +2 spear of venom
   (You took it off a gnoll sergeant on level 8 of the Dungeon)
 S - a +0 broad axe
Missiles
 g - 214 stones (quivered)
 l - 58 arrows
 n - 44 sling bullets
 r - 44 bolts
 O - a throwing net {!f}
Armour
 C - a +0 cloak (worn)
 F - a +0 pair of boots (worn)
 G - a +2 pair of gloves (worn)
Magical Staves
 K - an uncursed staff of earth
   (You found it on level 7 of the Dungeon)
Jewellery
 M - an uncursed ring of fire
   (You found it on level 8 of the Dungeon)
 P - an uncursed ring of poison resistance
   (You found it on level 4 of the Dungeon)
 U - a ring of protection from cold (left hand)
   (You took it off a goblin in a bailey)
Wands
 h - a wand of random effects (20/48)
 v - a wand of paralysis (0/24)
 z - a wand of iceblast (10/15)
Scrolls
 d - 3 scrolls of teleportation
 j - a scroll of magic mapping
 s - a scroll of immolation {unknown}
 t - a scroll of enchant armour {unknown}
 w - a scroll of amnesia {unknown}
 x - 2 scrolls of recharging {unknown}
 B - 2 scrolls of enchant weapon
 D - a scroll of remove curse
 N - a scroll of fog {unknown}
 R - a scroll of blinking {unknown}
 W - a scroll of acquirement {unknown}
Potions
 e - 2 potions of might
 o - a potion of agility {unknown}
 u - 2 potions of flight
 A - a potion of invisibility
 H - a potion of curing
 L - 2 potions of brilliance
 V - a potion of experience {unknown}
Books
 c - the Compendium of the Glacier

   Spells                             Type                      Level
   a - Throw Frost                    Conjuration/Ice              2
   b - Ensorcelled Hibernation        Hexes/Ice                    2
 I - a book of Minor Magic
   (You found it on level 8 of the Dungeon)

   Spells                             Type                      Level
   a - Magic Dart                     Conjuration                  1
   b - Blink                          Translocation                2
   c - Call Imp                       Summoning                    2
   d - Slow                           Hexes                        2
   e - Conjure Flame                  Conjuration/Fire             3
   f - Mephitic Cloud                 Conjuration/Poison/Air       3
Comestibles
 f - 3 bread rations
 i - 3 fruits
 p - 4 royal jellies
 q - 3 meat rations


   Skills:
 - Level 10.4 Fighting
 - Level 1.0 Long Blades
 - Level 4.5 Dodging
 - Level 3.0 Stealth
 + Level 6.2 Spellcasting
 - Level 3.0 Conjurations
 - Level 3.2 Translocations
 - Level 3.2 Air Magic
 - Level 1.7 Poison Magic
 - Level 4.2 Evocations


You had 15 spell levels left.
You knew the following spells:

 Your Spells              Type           Power        Failure   Level  Hunger
b - Blink                 Tloc           N/A          4%          2    None
m - Mephitic Cloud        Conj/Pois/Air  ###.....     12%         3    ##.....


Dungeon Overview and Level Annotations

Branches:
Dungeon (9/15)             Temple (0/1) D:6
   Lair: D:8-11         Orc: D:9-12

Altars:
Ashenzari
Cheibriados
Wu Jian

Annotations:
D:4 Blork the orc


Innate Abilities, Weirdness & Mutations

You can breathe bolts of dispelling energy.
Your rich purple scales are hard. (AC +7)
You cannot fit into any form of body armour.
You are cold-blooded and may be slowed by cold attacks.


Message History

Confirm with . or Enter, or press ? or * to list all spells.
Aiming: Mephitic Cloud
Press: ? - help, Shift-Dir - straight line, f - orc warlord
Aim: an orc warlord, wielding an enchanted great mace and wearing a glowing chain mail (noxious fumes)
The ball explodes into a vile cloud!
The stinking cloud engulfs the orc warlord.
You hear a shout!
The orc warlord is engulfed in noxious fumes.
The orc warlord appears confused.
Wield which item (- for none, * to show all)? (? for menu, Esc to quit)
Your +2 short sword of venom begins to drip with poison!
a - a +2 short sword of venom (weapon)
The orc warlord is engulfed in noxious fumes.
You hit the orc warlord but do no damage.
The orc warlord is poisoned.
The orc warlord is lightly wounded.
The orc warlord is engulfed in noxious fumes.
The orc warlord appears confused.
You spin to attack the orc warlord, but your attack speed is too slow for a blow to land.
The orc warlord is engulfed in noxious fumes.
Really walk into that cloud of noxious fumes?
Okay, then.
You spin and attack the orc warlord.
You hit the orc warlord but do no damage.
You tail-slap the orc warlord, but do no damage.
The orc warlord is lightly wounded.
You lunge at the orc warlord.
You hit the orc warlord but do no damage.
The orc warlord looks even sicker.
The orc warlord is lightly wounded.
The orc warlord mumbles something.
You spin and attack the orc warlord.
You hit the orc warlord but do no damage.
The orc warlord looks as sick as possible!
Your tail-slap misses the orc warlord.
The orc warlord is lightly wounded.
You spin and attack the orc warlord.
You barely miss the orc warlord.
The orc warlord is lightly wounded.
There is a fountain of clear blue water here.
Evoke which item? (* to show all) (? for menu, Esc to quit)
Aiming: Random Effects (will waste charges)
Press: ? - help, Shift-Dir - straight line, f/p - orc warlord
Aim: an orc warlord, wielding an enchanted great mace and wearing a glowing chain mail (lightly wounded, poisoned, confused)
The bolt of poison hits the orc warlord.
The orc warlord is moderately wounded.
Evoking this partially-identified wand wasted a few charges.
The orc warlord seems less confused.
Casting: Mephitic Cloud
Confirm with . or Enter, or press ? or * to list all spells.
Aiming: Mephitic Cloud
Press: ? - help, Shift-Dir - straight line, f/p - orc warlord
Aim: an orc warlord, wielding an enchanted great mace and wearing a glowing chain mail (moderately wounded, poisoned)
The ball explodes into a vile cloud!
The stinking cloud engulfs the orc warlord.
The orc warlord is moderately wounded.
The orc warlord is engulfed in noxious fumes.
Things that are here:
a hand axe; a leather armour; a goblin skeleton A hobgoblin comes into view.
It is wielding a hand axe.
The hobgoblin moves out of view.
There is an open door, spattered with blood here.
Items here: )) [[ ÷ a hand axe; a ring mail; a hand axe; a ring mail; an orc skeleton
Things that are here:
a hand axe; a glowing leather armour
Casting: Mephitic Cloud
Confirm with . or Enter, or press ? or * to list all spells.
You don't have enough magic to cast that spell.
Things that are here:
a hand axe; a leather armour
There is an open gate here.
As you read the scroll of teleportation, it crumbles to dust.
You feel strangely unstable.
The orc warlord hits you with an enchanted great mace!
* * * LOW HITPOINT WARNING * * *
Your surroundings suddenly seem different.
An orc warrior comes into view. It is wielding a war axe.
The orc warrior shouts!
Things that are here:
a hand axe; a leather armour
Casting: Mephitic Cloud
Confirm with . or Enter, or press ? or * to list all spells.
You don't have enough magic to cast that spell.
Wield which item (- for none, * to show all)? (? for menu, Esc to quit)
You are already wielding that!
The orc warrior closely misses you.
You spin and attack the orc warrior.
You barely miss the orc warrior.
The orc warrior hits you with a war axe.
* * * LOW HITPOINT WARNING * * *
You spin to attack the orc warrior, but your attack speed is too slow for a blow to land.
You spin and attack the orc warrior.
You hit the orc warrior.
The orc warrior is poisoned.
The orc warrior is lightly wounded.
The orc warrior hits you with a war axe!
* * * LOW HITPOINT WARNING * * *
You spin and attack the orc warrior.
You barely miss the orc warrior.
You tail-slap the orc warrior, but do no damage.
The orc warrior is lightly wounded.
The orc warrior hits you with a war axe!!
You die...

....... .(.....
####### ..(.⌠..
##.....##.......
#.......)(((.((.
##.......##......
#.......(.# .....
##.....o...##
8.88
#.....)@....# o##
##....)....## .#
#....)....# o
##.......##
#.......#
##.)...## ##)####
### ##)()(.##
##.. #..)()..#
#...


You could see an orc warrior.

Vanquished Creatures
  An orc knight (Bailey)
  A hippogriff (D:8)
  3 sky beasts
  8 orc warriors
  A phantom (D:4)
  A necrophage (D:7)
  4 ogres
  2 centaurs (D:7)
  A bullfrog (D:8)
  A gnoll sergeant (D:8)
  A scorpion (D:8)
  2 crimson imps (D:8)
  2 howler monkeys (D:4)
  A bullfrog zombie (D:8)
  2 hounds
  2 orc priests
  2 centaur skeletons
  3 jellies
  An orc wizard (D:7)
  Jessica (D:2)
  An iguana (D:7)
  Ijyb (D:3)
  2 worker ants (D:6)
  A hound zombie (D:6)
  A hound skeleton (D:6)
  8 adders
  14 gnolls
  A shadow imp (D:7)
  3 oozes
  An adder skeleton (D:6)
  5 worms
  2 dart slugs (D:3)
  7 leopard geckos
  16 orcs
  6 giant cockroaches
  14 goblins
  24 hobgoblins
  7 jackals
  2 quokkas
  11 bats
  4 frilled lizards
  A jackal zombie (D:8)
  6 kobolds (D:1)
  7 rats
185 creatures vanquished.

Notes
Turn   | Place    | Note
-------+----------+-------------------------------------------
     0 | D:1      | tidbits the Draconian Wanderer began the quest for the Orb.
     0 | D:1      | tidbits set off with: a +2 dagger, a potion of haste, the Compendium of the Glacier, a scroll of teleportation, a bread ration
     0 | D:1      | Reached XP level 1. HP: 14/14 MP: 3/3
    11 | D:1      | Identified the Compendium of the Glacier
   170 | D:1      | Reached skill level 1 in Fighting
   270 | D:1      | Reached XP level 2. HP: 7/24 MP: 5/5
   309 | D:1      | Reached skill level 2 in Fighting
   687 | D:1      | Reached XP level 3. HP: 30/30 MP: 6/6
   952 | D:2      | Reached skill level 2 in Stealth
   991 | D:2      | Noticed Jessica
  1006 | D:2      | Killed Jessica
  1006 | D:2      | Reached skill level 3 in Fighting
  1030 | D:2      | Reached XP level 4. HP: 24/38 MP: 7/7
  1257 | D:3      | Noticed Ijyb
  1264 | D:3      | Killed Ijyb
  1264 | D:3      | Reached skill level 3 in Stealth
  1340 | D:4      | Reached skill level 4 in Fighting
  1340 | D:4      | Reached XP level 5. HP: 45/47 MP: 8/8
  1344 | D:4      | Noticed an ogre
  1354 | D:4      | Killed an ogre
  1354 | D:4      | Reached skill level 5 in Fighting
  1417 | D:3      | Reached XP level 6. HP: 56/57 MP: 9/9
  1528 | D:4      | Reached skill level 2 in Dodging
  1905 | D:4      | Reached skill level 3 in Dodging
  1938 | D:4      | Noticed Blork the orc
  1962 | D:5      | Entered Level 5 of the Dungeon
  2056 | D:7      | Found an ornate altar of the Wu Jian Council.
  2063 | D:7      | Became a worshipper of the Wu Jian Council
  2126 | D:6      | Found a staircase to the Ecumenical Temple.
  2189 | D:6      | Reached skill level 6 in Fighting
  2207 | D:6      | Your scales start taking on a rich purple colour.
  2207 | D:6      | Reached XP level 7. HP: 57/63 MP: 10/10
  2276 | D:7      | Reached skill level 2 in Evocations
  2438 | D:7      | Reached skill level 3 in Evocations
  2458 | D:6      | Reached skill level 4 in Evocations
  2492 | D:5      | Found a snail-covered altar of Cheibriados.
  2545 | D:5      | Reached skill level 7 in Fighting
  2791 | D:6      | Reached XP level 8. HP: 42/73 MP: 11/11
  2847 | D:6      | Reached * piety under Wu Jian
  2969 | D:7      | Reached skill level 8 in Fighting
  3102 | D:7      | Found a shattered altar of Ashenzari.
  3148 | D:8      | Reached skill level 9 in Fighting
  3311 | D:8      | Noticed a hippogriff
  3356 | D:8      | HP: 4/78 [hippogriff (5)]
  3361 | D:8      | Killed a hippogriff
  3361 | D:8      | Reached skill level 10 in Fighting
  3442 | D:8      | Learned a level 2 spell: Blink
  3446 | D:8      | Learned a level 3 spell: Mephitic Cloud
  3525 | D:8      | HP: 4/79 [something (5)]
  3530 | D:8      | Reached skill level 1 in Poison Magic
  3589 | D:7      | Reached skill level 1 in Air Magic
  3680 | D:7      | Reached skill level 1 in Translocations
  3802 | D:8      | Reached XP level 9. HP: 52/85 MP: 12/12
  3939 | D:9      | Found a flagged portal.
  3950 | D:9      | Reached skill level 4 in Dodging
  3971 | Bailey   | Entered a bailey
  4036 | Bailey   | Reached ** piety under Wu Jian
  4097 | Bailey   | Reached skill level 2 in Air Magic
  4109 | Bailey   | Reached skill level 2 in Translocations
  4211 | Bailey   | Reached skill level 3 in Spellcasting
  4304 | Bailey   | Reached *** piety under Wu Jian
  4402 | Bailey   | Noticed an orc knight
  4430 | Bailey   | Reached skill level 3 in Translocations
  4430 | Bailey   | Reached skill level 3 in Air Magic
  4475 | Bailey   | Noticed an orc knight
  4510 | Bailey   | Reached skill level 4 in Spellcasting
  4566 | Bailey   | Killed an orc knight
  4566 | Bailey   | Reached skill level 6 in Spellcasting
  4604 | Bailey   | Noticed an orc warlord
  4676 | Bailey   | Mangled by an orc warrior

Vault maps used:
D:1:      evilmike_arrival_rings, minmay_octomino_c4
D:2:      uniq_jessica
D:3:      uniq_ijyb
D:4:      first_bread, hex_tiny, uniq_blork_the_orc
D:5:      tso_altar, lemuel_round_altar, minmay_fountain_box,
          hangedman_decor_diamond_cutter
D:6:      overflow_temple_1_default, minmay_temple_entry_fiery,
          kennysheep_cross_bottleneck
D:7:      nicolae_overflow_crystal_walls, lemuel_doored_altar
D:8:      zin_angel
D:9:      nicolae_ru_the_path_less_chosen, orc_0_dummy, enter_bailey_2
Bailey:   bailey_axe_minmay_hex_keep, bailey

Skill      XL: |  1  2  3  4  5  6  7  8  9 |
---------------+----------------------------+-----
Fighting       | 1 2 3 4 5 6 7 10 | 10.4
Stealth        | 2 3 |  3.0
Dodging        | 3 4 |  4.5
Evocations     | 4 |  4.2
Poison Magic   | 1 |  1.7
Air Magic      | 1 3 |  3.2
Translocations | 1 3 |  3.2
Spellcasting   | 6 |  6.2
Long Blades    | |  1.0
Conjurations   | |  3.0

Action                   |  1- 3 |  4- 6 |  7- 9 || total
-------------------------+-------+-------+-------++-------
Melee: Dagger            |    46 |       |    43 ||    89
       Tailslap          |     9 |    10 |    45 ||    64
       Short sword       |    57 |   109 |   354 ||   520
       Great sword       |       |    14 |       ||    14
       Shortbow          |       |       |     3 ||     3
 Fire: Shortbow          |       |       |   126 ||   126
 Cast: Mephitic Cloud    |       |       |    10 ||    10
       Blink             |       |       |     1 ||     1
 Abil: Breathe Dispellin |       |       |     1 ||     1
Evoke: Wand              |     2 |     2 |    15 ||    19
  Use: Potion            |     1 |       |     3 ||     4
       Scroll            |     5 |     1 |     6 ||    12
 Stab: Sleeping          |     2 |     9 |     5 ||    16
       Paralysed         |     2 |     5 |    19 ||    26
       Confused          |       |       |     3 ||     3
  Eat: Chunk             |       |     3 |     8 ||    11
       Fruit             |       |     1 |     1 ||     2
Armor: Skin              |    25 |    45 |   119 ||   189
Dodge: Dodged            |    55 |    60 |   222 ||   337
       Rpst.: Great sword |       |     1 |       ||     1

Table legend:
 A = Spawn XP
 B = Non-spawn XP
 C = Spawn XP percentage of total XP
 D = Spawn monster count
 E = Non-spawn monster count
 F = Spawn count percentage of total count
 G = Total turns spent on level
                    A         B        C        D         E        F      G
               +---------+---------+-------+---------+---------+-------+---------
         Total |      19 |    4947 |   0.4 |       8 |     177 |   4.3 |  4676
               +---------+---------+-------+---------+---------+-------+---------
           D:1 |       0 |      41 |   0.0 |       0 |      25 |   0.0 |   720
           D:2 |      11 |      70 |  13.6 |       4 |      19 |  17.4 |   537
           D:3 |       0 |     108 |   0.0 |       0 |      16 |   0.0 |   386
           D:4 |       0 |     385 |   0.0 |       0 |       8 |   0.0 |   393
           D:5 |       0 |     184 |   0.0 |       0 |       5 |   0.0 |   240
           D:6 |       0 |     475 |   0.0 |       0 |      13 |   0.0 |   445
           D:7 |       2 |     645 |   0.3 |       1 |      14 |   6.7 |   536
           D:8 |       6 |    1027 |   0.6 |       3 |      17 |  15.0 |   677
           D:9 |       0 |     254 |   0.0 |       0 |       3 |   0.0 |    37
        Bailey |       0 |    1758 |   0.0 |       0 |      57 |   0.0 |   705
               +---------+---------+-------+---------+---------+-------+---------

Table legend:
 A = Turns spent in this place as a percentage of turns spent in the entire game.
 B = Non-inter-level travel turns spent in this place as a percentage of non-inter-level travel turns spent in the entire game.
 C = Inter-level travel turns spent in this place as a percentage of turns spent in this place.
 D = Turns resting spent in this place as a percentage of non-inter-level travel turns spent in this place.
 E = Turns spent auto-exploring this place as a percentage of non-inter-level travel turns spent in this place.
 F = Non-inter-level travel turns spent in this place divided by the number of levels of this place that you've seen.
                   A       B       C       D       E      F
               +-------+-------+-------+-------+-------+----------------------
         Total | 100.0 | 100.0 |   4.2 |   0.1 |   0.0 | 448.0
       Dungeon |  84.9 |  84.3 |   4.9 |   0.2 |   0.0 | 419.4
        Bailey |  15.1 |  15.7 |   0.0 |   0.0 |   0.0 | 705.0
               +-------+-------+-------+-------+-------+----------------------

Table legend:
 A = Kills in this place as a percentage of kills in entire the game.
 B = Kills by you in this place as a percentage of kills by you in the entire game.
 C = Kills by friends in this place as a percentage of kills by friends in the entire game.
 D = Other kills in this place as a percentage of other kills in the entire game.
 E = Experience gained in this place as a percentage of experience gained in the entire game.
 F = Experience gained in this place divided by the number of levels of this place that you have seen.
                   A       B       C       D       E      F
               +-------+-------+-------+-------+-------+----------------------
         Total | 100.0 | 100.0 |   N/A |   N/A | 100.0 | 496.6
       Dungeon |  69.2 |  69.2 |   N/A |   N/A |  64.6 | 356.4
        Bailey |  30.8 |  30.8 |   N/A |   N/A |  35.4 | 1758.0
               +-------+-------+-------+-------+-------+----------------------

Vault maps used:
D:1:      evilmike_arrival_rings, minmay_octomino_c4
D:2:      uniq_jessica
D:3:      uniq_ijyb
D:4:      first_bread, hex_tiny, uniq_blork_the_orc
D:5:      tso_altar, lemuel_round_altar, minmay_fountain_box,
          hangedman_decor_diamond_cutter
D:6:      overflow_temple_1_default, minmay_temple_entry_fiery,
          kennysheep_cross_bottleneck
D:7:      nicolae_overflow_crystal_walls, lemuel_doored_altar
D:8:      zin_angel
D:9:      nicolae_ru_the_path_less_chosen, orc_0_dummy, enter_bailey_2
Bailey:   bailey_axe_minmay_hex_keep, bailey
